 Dungeon Crawl Stone Soup version 0.29.1-1-gd02db6906a (webtiles) character file.

Game seed: 14029572068505594897

27556 Colgate the Cleaver (level 13, -6/107 HPs)
             Began as a Formicid Hunter on Sept 28, 2022.
             Was the Champion of Qazlal.
             Mangled by a tyrant leech (17 damage)
             ... on level 2 of the Lair of Beasts.
             The game lasted 01:22:32 (25347 turns).

Colgate the Cleaver (Formicid Hunter)              Turns: 25347, Time: 01:22:33

Health: -6/107     AC: 30    Str: 15    XL:     13   Next: 66%
Magic:  1/29       EV:  6    Int:  8    God:    Qazlal [******]
Gold:   814        SH:  8    Dex: 21    Spells: 12/12 levels left

rFire   . . .      SeeInvis +   b - +1 battleaxe (drain)
rCold   . . .      Faith    +   (no shield)
rNeg    . . .      Spirit   .   D - +5 plate armour
rPois   .          Reflect  .   (helmet unavailable)
rElec   .          Harm     .   I - +2 cloak
rCorr   .          Rampage  .   x - +3 Mad Mage's Maulers {Infuse+∞ RegenMP Int-3}
Will    ++...                   (no boots)
Stlth   ..........              u - amulet of faith
HPRegen 0.27/turn               E - ring of willpower
MPRegen 0.61/turn               y - ring of magical power

@: protected from physical damage, repel missiles
A: permanent stasis, dig shafts and tunnels, antennae 3, four strong arms
a: Dig, Shaft Self, Renounce Religion, Upheaval, Elemental Force, Disaster Area


You were on level 2 of the Lair of Beasts.
You worshipped Qazlal.
Qazlal was exalted by your worship.
You visited 3 branches of the dungeon, and saw 15 of its levels.

You collected 814 gold pieces.

Inventory:

Hand Weapons
 a - a +1 longbow of flaming
 b - a +1 battleaxe of draining (weapon)
Missiles
 F - 2 throwing nets {!f}
Armour
 x - the +3 Mad Mage's Maulers (worn) {Infuse+∞ RegenMP Int-3}
   (You found it on level 8 of the Dungeon)

   It empowers its wearer's blows with all of their magic.
   It causes its wearer's magical reserves to regenerate more quickly.
   Int:       It affects your intelligence (-3).
 D - a +5 plate armour (worn)
 I - a +2 cloak (worn)
Jewellery
 c - a ring of wizardry
 o - a ring of ice
 u - an amulet of faith (around neck)
 y - a ring of magical power (right hand)
 C - the ring of Beufy {rCorr Dex+2}
   (You found it on level 11 of the Dungeon)

   [ring of resist corrosion]

   Dex:       It affects your dexterity (+2).
   rCorr:     It protects you from acid and corrosion.
 E - a ring of willpower (left hand)
Wands
 m - a wand of mindburst (6)
 v - a wand of flame (35)
 A - a wand of paralysis (7)
 B - a wand of polymorph (10)
 G - a wand of roots (11) {@v2}
Scrolls
 e - 4 scrolls of amnesia
 k - 3 scrolls of magic mapping {@r5}
 l - a scroll of fear
 p - a scroll of butterflies
 t - 5 scrolls of immolation
 w - a scroll of torment
 H - 6 scrolls of vulnerability
 J - a scroll of noise {unknown}
Potions
 d - 2 potions of attraction
 f - 3 potions of might {@q3}
 g - 2 potions of lignification
 h - 8 potions of curing {@q1}
 i - a potion of cancellation
 j - 3 potions of heal wounds {@q2}
 n - 3 potions of ambrosia
 q - a potion of flight
 r - 3 potions of invisibility
 s - 3 potions of mutation
 z - a potion of brilliance


   Skills:
 - Level 11.6 Fighting
 - Level 12.0 Axes
 - Level 9.2 Ranged Weapons
 - Level 9.2 Armour
 - Level 1.7 Dodging
 - Level 1.2 Stealth
 - Level 10.3 Invocations
 + Level 6.9 Evocations


You had 12 spell levels left.
You didn't know any spells.
Your spell library contained the following spells:

 Spells                   Type           Power      Damage    Failure   Level
 Sting                    Tmut/Pois      0%         1d3       100%        1
 Poisonous Vapours        Pois/Air       0%         N/A       100%        2
 Conjure Flame            Conj/Fire      0%         6-21      100%        3
 Ignite Poison            Fire/Tmut/Pois 0%         N/A       100%        3
 Olgreb's Toxic Radiance  Pois           0%         N/A       100%        4
 Sticky Flame             Conj/Fire      0%         2d3       100%        4


Dungeon Overview and Level Annotations

Branches:
Dungeon (12/15)            Temple (1/1) D:6            Lair (2/5) D:10
  Swamp (0/4) Lair:2          Orc (0/2) D:12
  Snake: Lair:2-3    Spider: Lair:2-3

Altars:
Ashenzari
Cheibriados
Dithmenos
Elyvilon
Fedhas
Gozag
Hepliaklqana
Kikubaaqudgha
Makhleb
Nemelex Xobeh
Okawaru
Qazlal
Ru
Sif Muna
Trog
Uskayaw
Vehumet
Wu Jian
Xom
Yredelemnul
Zin
The Shining One

Shops:
D:6 !   D:8 :   D:12 [

Annotations:
D:12 1 runed translucent door


Innate Abilities, Weirdness & Mutations

You cannot be hasted, slowed, berserked, paralysed or teleported.
You can dig through walls and to a lower floor.
You have a pair of large antennae on your head. (SInv)
Your four strong arms can wield two-handed weapons with a shield.


Message History

The 15-headed hydra barely misses you.
The 15-headed hydra bites you but does no damage. x4
The swamp worm bites you!
* * * LOW HITPOINT WARNING * * *
You chop one of the 15-headed hydra's heads off!
The 14-headed hydra grows two more!
You slash the 16-headed hydra! You drain the 16-headed hydra.
You hit the swamp worm. You drain the swamp worm. You hit the tyrant leech.
You block the 16-headed hydra's attack. x2
The 16-headed hydra bites you but does no damage. x6
The 16-headed hydra bites you.
* * * LOW HITPOINT WARNING * * *
You feel more protected from physical attacks.
The 16-headed hydra bites you but does no damage. x4
The 16-headed hydra barely misses you.
The 16-headed hydra bites you but does no damage. x2
You block the swamp worm's attack.
The tyrant leech is engulfed in blazing flames.
The tyrant leech bites you!
* * * LOW HITPOINT WARNING * * *
The tyrant leech draws strength from your injuries!
You lop one of the 16-headed hydra's heads off!
The 15-headed hydra grows two more!
You slash the 17-headed hydra! You hit the swamp worm.
You drain the swamp worm. You closely miss the tyrant leech.
The swamp worm bites you but does no damage.
The 17-headed hydra completely misses you.
The 17-headed hydra bites you but does no damage. x3
The 17-headed hydra barely misses you.
The 17-headed hydra bites you but does no damage.
You block the 17-headed hydra's attack.
The 17-headed hydra bites you but does no damage.
You block the 17-headed hydra's attack.
The 17-headed hydra bites you but does no damage.
You block the 17-headed hydra's attack. The 17-headed hydra bites you.
* * * LOW HITPOINT WARNING * * *
The 17-headed hydra bites you but does no damage. x5
The tyrant leech is engulfed in blazing flames.
The tyrant leech bites you!
You die...

~~**,,,*,***,*,*,,,,,**
~~*~,,,,,.............*
~~~,,,,,,............##
~~~~,,,,,.............#
~~~~,,,,,.....>.......#
~~~~,,,,,............#*
,,,,,,,,,......§§.○..#
,,,,,,,,,.....☼°.....#
,,,,,,**,,*,,#.w@....#
,,,,,********#.†Dw...#
,,,,,* **#.§°°...#
,,,,,* *** *.P.......#
,,,,,***,**#.........#
,,,,,,,,,,,♣♣..♣♣♣♣♣♣♣
<,,,,,,,,,**...~~~~~~*
,,,,,,,,,,*♣♣≈~~~~~~~*
,,,,,,,,,,* **~~~~~~~*


You could see a 17-headed hydra (very drained), a tyrant leech and a swamp worm
(drained).

Vanquished Creatures
  Gastronok (D:11)
  Josephine (D:11)
  3 hydras
  4 two-headed ogres
  An orange crystal statue (D:11)
  A deep troll (D:10)
  A lindwurm (D:12)
  Pikel (D:7)
  2 ugly things (D:12)
  A deep elf pyromancer (D:12)
  A cyclops (D:11)
  Maurice (D:12)
  Joseph (D:7)
  4 cane toads
  Psyche (D:8)
  2 komodo dragons (Lair:2)
  11 trolls
  3 blink frogs (Lair:1)
  Grinder (D:3)
  Sigmund (D:3)
  A shadow (D:12)
  30 yaks
  10 wraiths
  A vampire (D:12)
  4 wyverns
  2 vampire mosquitoes (D:11)
  Eustachio (D:4)
  Grum (D:8)
  3 acid dragons
  A water moccasin (Lair:1)
  6 orc warriors
  A black bear (D:6)
  An ice beast (D:7)
  5 centaurs
  2 wolves (D:8)
  A lemure (D:7)
  4 kobold brigands
  A necrophage (D:5)
  4 scorpions (D:5)
  2 bullfrogs (D:6)
  A gnoll sergeant (D:6)
  5 wights (D:6)
  12 killer bees
  8 electric eels (D:9)
  2 vampire bats (Lair:1)
  The ghost of TeapotKnight the Gusty, a weakling TeAE (D:3)
  2 hounds
  Crazy Yiuf (D:2)
  10 orc priests
  3 gnoll boudas
  2 jellies (D:5)
  Jessica (D:2)
  8 orc wizards
  2 iguanas
  Robin (D:3)
  22 gnolls
  10 adders
  A shadow imp (D:7)
  3 white imps (D:6)
  2 ufetubi
  A worm (D:2)
  3 dart slugs
  54 orcs
  6 ball pythons
  8 endoplasms
  5 giant cockroaches
  17 goblins
  11 hobgoblins
  9 jackals
  7 quokkas
  17 bats
  8 frilled lizards
  30 kobolds
  4 rats
400 creatures vanquished.

Vanquished Creatures (collateral kills)
  2 wolves (D:8)
  A bullfrog (D:8)
  A gnoll (D:8)
4 creatures vanquished.

Vanquished Creatures (others)
  A swamp drake (D:12)
  An orc priest (D:12)
  A kobold (D:9)
  A fungus (Lair:1)
  45 plants
49 creatures vanquished.

Grand Total: 453 creatures vanquished

Notes
Turn   | Place    | Note
-------+----------+-------------------------------------------
     0 | D:1      | Colgate the Formicid Hunter began the quest for the Orb.
     0 | D:1      | Reached XP level 1. HP: 16/16 MP: 1/1
   160 | D:1      | Reached XP level 2. HP: 23/23 MP: 2/2
   510 | D:1      | Reached XP level 3. HP: 29/29 MP: 3/3
   631 | D:1      | Found a faded altar of an unknown god.
   641 | D:1      | Prayed at the altar of an unknown god.
   641 | D:1      | Became a worshipper of Qazlal Stormbringer
   641 | D:1      | Reached * piety under Qazlal
  1351 | D:2      | Reached XP level 4. HP: 37/37 MP: 4/4
  1457 | D:2      | Found a runed translucent door.
  1458 | D:2      | Noticed Crazy Yiuf
  1600 | D:2      | Noticed Jessica
  1725 | D:2      | Killed Jessica
  1799 | D:2      | Reached ** piety under Qazlal
  1800 | D:2      | Reached skill level 5 in Ranged Weapons
  1800 | D:2      | Reached XP level 5. HP: 13/42 MP: 5/5
  2204 | D:3      | Found a transporter.
  2217 | D:3      | Noticed Robin
  2221 | D:3      | Noticed Sigmund
  2420 | D:3      | Killed Robin
  2932 | D:3      | Killed Sigmund
  2933 | D:3      | Reached XP level 6. HP: 40/48 MP: 6/6
  3013 | D:3      | Noticed Grinder
  3033 | D:3      | Killed Grinder
  3034 | D:3      | Reached XP level 7. HP: 29/54 MP: 6/10
  3264 | D:3      | You fall into a shaft and drop 3 floors!
  3597 | D:6      | Found Niar's Distillery.
  3620 | D:5      | Entered Level 5 of the Dungeon
  3630 | D:5      | Noticed a wyvern
  3679 | D:5      | Reached skill level 5 in Fighting
  3851 | D:5      | Reached XP level 8. HP: 58/64 MP: 11/11
  4176 | D:5      | HP: 3/64 [scorpion (6)]
  5027 | D:5      | Found an ornate altar of the Wu Jian Council.
  5215 | D:4      | Found a stormy altar of Qazlal.
  5304 | D:3      | Noticed TeapotKnight's ghost (weakling TeAE)
  5397 | D:3      | Reached *** piety under Qazlal
  5486 | D:3      | Found a transporter.
  6483 | D:4      | Noticed Eustachio
  6492 | D:4      | Killed Eustachio
  6493 | D:4      | Reached XP level 9. HP: 48/74 MP: 12/12
  6780 | D:5      | Reached **** piety under Qazlal
  7149 | D:5      | Reached skill level 5 in Invocations
  7540 | D:6      | Found a staircase to the Ecumenical Temple.
  8344 | D:6      | Reached skill level 1 in Axes
  8362 | D:6      | Reached skill level 2 in Axes
  8584 | Temple   | Entered the Ecumenical Temple
  8783 | D:6      | Reached skill level 3 in Axes
  9250 | D:6      | Found a shimmering altar of Xom.
  9482 | D:6      | Found a shimmering altar of Xom.
  9572 | D:6      | Found a staircase to the Ecumenical Temple.
  9581 | D:6      | Reached XP level 10. HP: 82/82 MP: 14/14
  9844 | D:6      | Found Niar's Distillery.
 10084 | D:7      | Noticed Joseph
 10097 | D:7      | Killed Joseph
 10098 | D:7      | Reached skill level 5 in Axes
 10673 | D:7      | Identified the +0 helmet of Pantheism {Str+2}
 11161 | D:7      | Noticed Pikel
 11200 | D:7      | Killed Pikel
 11201 | D:7      | Reached skill level 7 in Axes
 12148 | D:8      | Noticed Psyche
 12186 | D:8      | Killed Psyche
 12330 | D:8      | Noticed Grum
 12333 | D:8      | Reached skill level 8 in Axes
 12352 | D:8      | Killed Grum
 12676 | D:8      | Found the +3 Mad Mage's Maulers {Infuse+∞ RegenMP Int-3}
 12697 | D:8      | Found Coptale's Book Boutique.
 13363 | D:9      | Reached skill level 9 in Axes
 13902 | D:9      | Found an opulent altar of Gozag.
 14079 | D:9      | Found a hide-covered altar of Uskayaw.
 14103 | D:9      | Reached XP level 11. HP: 48/87 MP: 1/15
 14292 | D:9      | Found a radiant altar of Vehumet.
 14379 | D:9      | Reached skill level 10 in Axes
 14405 | D:9      | Reached skill level 1 in Evocations
 14618 | D:9      | Reached ***** piety under Qazlal
 14709 | D:9      | Reached skill level 1 in Armour
 15435 | D:2      | Killed Crazy Yiuf
 15545 | D:3      | Killed TeapotKnight's ghost
 15737 | D:10     | Entered Level 10 of the Dungeon
 16359 | D:9      | Reached skill level 10 in Fighting
 16657 | D:9      | Found a hide-covered altar of Uskayaw.
 16657 | D:9      | Found a radiant altar of Vehumet.
 17529 | D:10     | Noticed a two-headed ogre
 17531 | D:10     | Killed a two-headed ogre
 17708 | D:10     | Found a staircase to the Lair.
 18299 | D:10     | Noticed a deep troll
 18318 | D:10     | Killed a deep troll
 19172 | D:10     | Found a staircase to the Lair.
 20067 | D:10     | Found a hazy altar of Hepliaklqana.
 20162 | D:11     | Noticed a cyclops
 20162 | D:11     | Noticed a two-headed ogre
 20169 | D:10     | Killed a two-headed ogre
 20170 | D:10     | Reached XP level 12. HP: 35/99 MP: 1/18
 20418 | D:11     | Reached skill level 11 in Axes
 20541 | D:11     | Noticed a two-headed ogre
 20594 | D:11     | Killed a two-headed ogre
 20706 | D:11     | Noticed Gastronok
 20716 | D:11     | Killed Gastronok
 20717 | D:11     | Reached skill level 12 in Axes
 20794 | D:11     | Noticed Josephine
 21150 | D:11     | Identified the ring of Beufy {rCorr Dex+2}
 21327 | D:11     | Noticed a two-headed ogre
 21334 | D:11     | Killed a two-headed ogre
 21642 | D:11     | Killed Josephine
 21643 | D:11     | Reached skill level 10 in Invocations
 22067 | D:11     | Reached skill level 5 in Armour
 22218 | D:12     | Noticed Maurice
 22228 | D:12     | Killed Maurice
 22432 | D:12     | Found a staircase to the Orcish Mines.
 22583 | D:12     | Noticed Nessos
 22586 | D:12     | Noticed Nessos
 22586 | D:12     | Nessos changed into Nessos the lindwurm
 22592 | D:12     | Killed Nessos the lindwurm
 22713 | D:12     | Reached XP level 13. HP: 106/106 MP: 20/20
 22748 | D:12     | Found Issis's Armour Shoppe.
 23426 | D:12     | Found a runed translucent door.
 23428 | D:12     | Noticed a deep elf high priest
 23429 | D:12     | Noticed a storm dragon
 24053 | Lair:1   | Entered Level 1 of the Lair of Beasts
 24177 | Lair:1   | Noticed a six-headed hydra
 24240 | Lair:1   | Killed a seven-headed hydra
 24521 | Lair:1   | Reached ****** piety under Qazlal
 24522 | Lair:1   | Reached skill level 5 in Evocations
 24765 | Lair:1   | Noticed a seven-headed hydra
 24781 | Lair:1   | Killed an eight-headed hydra
 25325 | Lair:2   | Noticed a seven-headed hydra
 25328 | Lair:2   | Noticed a four-headed hydra
 25334 | Lair:2   | Killed a 12-headed hydra
 25347 | Lair:2   | Mangled by a tyrant leech

Illustrated notes

Levels and vault maps discovered:
D:1:      minmay_arrival_four_houses, layout_basic,
          hellmonk_ecumenical_altar_blasted, minmay_misc_feat_diagonals
D:2:      layout_basic, uniq_jessica, uniq_crazy_yiuf_cottage
D:3:      minmay_octagon_keep, layout_basic, gammafunk_ghost_arena,
          portal_sewer_entry_f, supply_closet_lemuel, lexackson_kobold_supper,
          uniq_grinder, uniq_robin, uniq_sigmund
D:4:      layout_basic, grunt_qazlal_clouds, uniq_eustachio
D:5:      layout_basic, nicolae_overflow_crystal_walls
D:6:      layout_basic, mainiacjoe_overflow_paths,
          minmay_temple_entry_crystal_x, serial_shops, shop
D:7:      layout_basic, nrook_mini_backslash, uniq_pikel, uniq_joseph
D:8:      layout_basic, serial_shops, nicolae_shop_statue_plus,
          hangedman_abyss_or_decor_jellyfish_corner, uniq_psyche, uniq_grum
D:9:      layout_big_octagon, chequers_temple_overflow_statue_of_worship,
          nicolae_gozag_cash_rules_everything_around_me,
          hangedman_abyss_or_decor_passed
D:10:     lemuel_troll_bridge, layout_stronghold, kennysheep_little_box,
          serial_rivers, chequers_serial_rivers_micro_b,
          chequers_serial_rivers_small_b, chequers_serial_rivers_marsh,
          chequers_serial_rivers_micro_b, chequers_serial_rivers_micro_a,
          chequers_serial_rivers_small_3
D:11:     minmay_statue_hallways, layout_irregular_city, uniq_josephine,
          uniq_gastronok
D:12:     layout_long_grid, erik_orc_1, serial_shops, shop, grunt_ministairs_12,
          kennysheep_treasure_room, uniq_nessos, uniq_maurice
Temple:   regret_index_temple_waves
Lair:1:   hellmonk_ruined_rings, layout_regular_city, serial_forest,
          infiniplex_forest_end_2, infiniplex_forest_clump_large,
          infiniplex_forest_clump_small, infiniplex_forest_diagonal,
          infiniplex_forest_clump_medium, infiniplex_forest_lined_corner,
          minivault_19, roderic_batcave, st_stairs_13
Lair:2:   layout_chaotic_city, palyth_hydra_swamp_entry, gauntlet_entry_generic,
          serial_bayou_shore_a, lemuel_fruit_fields

Skill      XL: |  1  2  3  4  5  6  7  8  9 10 11 12 13 |
---------------+----------------------------------------+-----
Fighting       | 3 4 5 8 10 11 | 11.6
Ranged Weapons | 5 6 8 9 |  9.2
Invocations    | 4 6 8 10 | 10.3
Axes           | 3 9 10 12 | 12.0
Evocations     | 2 3 6 |  6.9
Armour         | 3 5 9 |  9.2
Dodging        | |  1.7
Stealth        | |  1.2

Action                   |  1- 3 |  4- 6 |  7- 9 | 10-12 | 13-15 || total
-------------------------+-------+-------+-------+-------+-------++-------
Melee: Battleaxe         |       |       |       |   255 |   104 ||   359
       Punch             |       |       |       |     1 |     4 ||     5
 Fire: Shortbow          |    88 |   101 |   423 |    14 |       ||   626
       Sling             |       |       |       |   336 |       ||   336
       Longbow           |       |       |       |     1 |    77 ||    78
Invok: Upheaval          |       |       |     4 |     3 |       ||     7
       Elemental Force   |       |       |       |     1 |       ||     1
 Abil: Dig               |       |     1 |       |     1 |       ||     2
Evoke: Wand              |       |       |       |     3 |       ||     3
  Use: Scroll            |       |     6 |    10 |    11 |     3 ||    30
       Potion            |       |       |     2 |       |       ||     2
Armor: Leather armour    |    12 |    15 |    58 |    17 |       ||   102
       Plate armour      |       |       |       |   221 |   224 ||   445
Dodge: Dodged            |    21 |    23 |   125 |   138 |    64 ||   371
       Repelled          |       |       |       |     2 |       ||     2
Block: Other             |       |     5 |    34 |   105 |   103 ||   247
